 Dungeon Crawl Stone Soup version 0.31-a0-4-gefa6de2278 (webtiles) character file.

Game seed: 6625610580928498065

1976 BlueFish the Sneak (level 9, -15/59 HPs)
             Began as an Octopode Fighter on May 5, 2023.
             Demolished by a cyclops (30 damage)
             ... on level 7 of the Dungeon.
             The game lasted 00:15:37 (6222 turns).

BlueFish the Sneak (Octopode Fighter)               Turns: 6222, Time: 00:15:37

Health: -15/59     AC:  2    Str: 19    XL:     9   Next: 20%
Magic:  8/13       EV: 21    Int: 10    God:
Gold:   318        SH:  0    Dex: 17    Spells: 2/13 levels left

rFire   + . .        a - melded +0 dagger (drain)
rCold   . . .        b - melded +0 buckler
rNeg    . . .        (helmet currently unavailable)
rPois   x            w - amulet of magic regeneration
rElec   .            e - ring of wizardry
rCorr   .            n - ring of protection from fire
SInv    .            y - ring of wizardry
Will    .....        (no ring)
Stlth   ++++         (no ring)
HPRegen 0.29/turn    (no ring)
MPRegen 0.53/turn    (no ring)
                     (no ring)

%: wizardry (x2)
@: spider-form
A: venomous fangs, almost no armour, (amphibious), 8 rings, tiny, (camouflage
1), (gelatinous body 1), (nimble swimmer 1), (tentacles)
a: End Transformation


You were on level 7 of the Dungeon.
You were a venomous arachnid creature.
You visited 2 branches of the dungeon, and saw 8 of its levels.

You collected 318 gold pieces.

Inventory:

Hand Weapons
 a - a +0 dagger of draining (melded)
 q - a +0 rapier
Missiles
 d - 53 stones
 g - 14 poisoned darts
Armour
 b - a +0 buckler (melded)
Jewellery
 e - a ring of wizardry (left front pincers)
 n - a ring of protection from fire (right front pincers)
 w - an amulet of magic regeneration (around neck)
 y - a ring of wizardry (on tentacle)
Scrolls
 h - 3 scrolls of teleportation
 i - a scroll of amnesia
 m - a scroll of silence {unknown}
 s - a scroll of immolation {unknown}
 t - a scroll of blinking
 x - a scroll of noise {unknown}
Potions
 c - a potion of might
 f - a potion of invisibility
 j - 3 potions of heal wounds
 l - a potion of flight
 o - a potion of curing
 p - a potion of cancellation {unknown}
 r - a potion of berserk rage {unknown}
 u - 3 potions of mutation
 v - a potion of lignification {unknown}
 z - 2 potions of brilliance


   Skills:
 + Level 4.5 Fighting
 + Level 3.9 Short Blades
 + Level 3.3 Throwing
 + Level 4.4 Dodging
 * Level 7.0 Stealth
 + Level 4.5 Shields
 + Level 1.3 Unarmed Combat
 + Level 2.7 Spellcasting
 + Level 3.1 Conjurations
 + Level 2.2 Summonings
 + Level 2.0 Transmutations
 + Level 0.3 Air Magic
 * Level 3.9 Poison Magic


You had 2 spell levels left.
You knew the following spells:

 Your Spells              Type           Power      Damage    Failure   Level
a - Magic Dart            Conj           28%        1d4       6%          1
b - Call Imp              Summ           10%        N/A       11%         2
c - Spider Form           Tmut/Pois      7%         N/A       14%         3
d - Mephitic Cloud        Conj/Pois/Air  6%         N/A       17%         3
e - Poisonous Vapours     Pois/Air       10%        N/A       11%         2

Your spell library contained the following spells:

 Spells                   Type           Power      Damage    Failure   Level
 Beastly Appendage        Tmut           10%        N/A       9%          1
 Wereblood                Tmut           5%         N/A       11%         2
 Cigotuvi's Dreadful Rot  Necr/Pois/Air  8%         N/A       13%         2
 Sublimation of Blood     Necr           1%         N/A       21%         2
 Ignite Poison            Fire/Tmut/Pois 5%         N/A       19%         3
 Freezing Cloud           Conj/Ice/Air   1%         6-21      83%         5
 Summon Hydra             Summ           2%         N/A       100%        7


Dungeon Overview and Level Annotations

Branches:
Dungeon (7/15)             Temple (1/1) D:4

Altars:
Ashenzari
Cheibriados
Dithmenos
Elyvilon
Fedhas
Hepliaklqana
Kikubaaqudgha
Makhleb
Nemelex Xobeh
Okawaru
Qazlal
Ru
Trog
Vehumet
Wu Jian
Xom
Yredelemnul
Zin

Shops:
D:5 :

Annotations:
D:7 3 runed translucent doors, baller8008's ghost, novice DECj


Innate Abilities, Weirdness & Mutations

You are a venomous arachnid creature.
You have venomous fangs.
You are tiny and dextrous.
Your spellcasting is less reliable in this form.
Your armour is entirely melded.
You are incapable of wielding weapons or throwing items.
You cannot wear most types of armour.
((You are amphibious.))
You can wear up to eight rings at the same time.
((Your skin changes colour to match your surroundings (Stealth+).))
((Your rubbery body absorbs attacks. (AC +1, EV +1)))
((You are camouflaged when in or above water. (Stealth+)))
((You have tentacles for arms and can constrict up to eight enemies at once.))


Message History

An orc warrior comes into view. It is wielding a +0 halberd.
There is an open door here.
You start waiting.
A cyclops is nearby!
Casting: Poisonous Vapours (safe; 6% risk of failure)
Confirm with . or Enter, or press ? or * to list all spells.
Aiming: Poisonous Vapours (safe; 6% risk of failure)
Press: ? - help, Dir - move target, f/p - cyclops
Aim: a cyclops, quivering large rocks (moderately wounded) Poisonous vapours surround the cyclops!
The cyclops is poisoned.
Casting: Poisonous Vapours (safe; 6% risk of failure)
Confirm with . or Enter, or press ? or * to list all spells.
Aiming: Poisonous Vapours (safe; 6% risk of failure)
Press: ? - help, Dir - move target, f/p - cyclops
Aim: a cyclops, quivering large rocks (moderately wounded, poisoned) Poisonous vapours surround the cyclops!
The cyclops looks even sicker.
Casting: Poisonous Vapours (safe; 6% risk of failure)
Confirm with . or Enter, or press ? or * to list all spells.
Aiming: Poisonous Vapours (safe; 6% risk of failure)
Press: ? - help, Dir - move target, f/p - cyclops
Aim: a cyclops, quivering large rocks (moderately wounded, very poisoned) Poisonous vapours surround the cyclops!
The cyclops looks even sicker.
The cyclops throws a large rock.
The large rock hits you!!!
Ouch! That really hurt!
* * * LOW HITPOINT WARNING * * *
Casting: Poisonous Vapours (safe; 6% risk of failure)
Confirm with . or Enter, or press ? or * to list all spells.
You turn into a venomous arachnid creature.
Your +0 dagger of draining melds into your body.
Your +0 buckler melds into your body.
You hit the cyclops but do no damage.
The cyclops looks as sick as possible!
The cyclops is moderately wounded.
You hit the cyclops but do no damage.
The cyclops looks as sick as possible!
The cyclops is heavily wounded.
The cyclops misses you.
You hit the cyclops but do no damage.
The cyclops is heavily wounded.
The cyclops hits you!!
Ouch! That really hurt!
You die...

#.#####.##### #...$.#
...####.###### ##.....##
#.####.####.## ##.......#
#.####.####..####.........
#...............'.รท.......
#.###.##.#...##.#.........
##.# #.##.##.###.##.$.....#
...# #.##....# #C###.....##
##.# #.##.##.###s# #..#.#
.#.# #.##........# #+....
.#.# #.......##### #...
.#.# #######.# ..... ...#
#.# #.#..o .### #.# #.... h
.# #.# ...#... .#
#####.#######....... .#
#...............#


You could see a cyclops (extremely poisoned).

Vanquished Creatures
  Grinder (D:3)
  A steam dragon (D:6)
  A water moccasin (D:5)
  An ice beast (D:6)
  A sky beast (D:7)
  A black bear (D:5)
  A centaur (D:5)
  A phantom (D:6)
  3 scorpions
  3 bullfrogs
  A hound (D:4)
  2 jellies (D:4)
  An orc priest (D:5)
  Crazy Yiuf (D:6)
  A sleepcap (D:5)
  Jessica (D:3)
  5 iguanas
  8 adders
  A white imp (D:7)
  An ufetubus (D:4)
  6 worms
  A dart slug (D:1)
  10 orcs
  5 bats
  11 endoplasms
  4 giant cockroaches
  12 goblins
  5 hobgoblins
  2 jackals (D:1)
  4 quokkas
  5 ball pythons
  4 frilled lizards
  3 kobolds (D:2)
  3 rats
111 creatures vanquished.

Vanquished Creatures (collateral kills)
  2 ogres
  A phantom (D:5)
3 creatures vanquished.

Grand Total: 114 creatures vanquished

Notes
Turn   | Place    | Note
-------+----------+-------------------------------------------
     0 | D:1      | BlueFish the Octopode Fighter began the quest for the Orb.
     0 | D:1      | Reached XP level 1. HP: 16/16 MP: 1/1
   119 | D:1      | Reached skill level 1 in Stealth
   144 | D:1      | Reached XP level 2. HP: 20/21 MP: 2/2
   397 | D:1      | Reached XP level 3. HP: 26/26 MP: 3/3
   413 | D:1      | Reached skill level 2 in Stealth
  1169 | D:2      | Reached XP level 4. HP: 27/31 MP: 5/5
  1199 | D:2      | Learned a level 1 spell: Magic Dart
  1273 | D:2      | Reached skill level 1 in Spellcasting
  1284 | D:2      | Reached skill level 1 in Throwing
  1692 | D:3      | Noticed Grinder
  1692 | D:3      | Paralysed by Grinder for 3 turns
  1703 | D:3      | Killed Grinder
  1704 | D:3      | Reached skill level 3 in Stealth
  1704 | D:3      | Reached skill level 1 in Conjurations
  1704 | D:3      | Reached XP level 5. HP: 6/36 MP: 1/7
  1704 | D:3      | Reached XP level 6. HP: 7/42 MP: 1/8
  1980 | D:3      | Reached skill level 4 in Stealth
  1992 | D:3      | Noticed Jessica
  2000 | D:3      | Killed Jessica
  2130 | D:3      | Learned a level 2 spell: Call Imp
  3143 | D:4      | Reached XP level 7. HP: 33/47 MP: 3/9
  3230 | D:4      | Found a bloodstained altar of Trog.
  3360 | D:4      | Found a staircase to the Ecumenical Temple.
  3366 | Temple   | Entered the Ecumenical Temple
  3706 | D:4      | Learned a level 3 spell: Spider Form
  3717 | D:5      | Entered Level 5 of the Dungeon
  3849 | D:5      | Reached skill level 1 in Summonings
  3990 | D:5      | Reached skill level 5 in Stealth
  3990 | D:5      | Reached skill level 1 in Poison Magic
  4208 | D:5      | Found Uzxocad's Book Emporium.
  4258 | D:5      | Reached XP level 8. HP: 54/54 MP: 4/11
  4379 | D:5      | Reached skill level 1 in Transmutations
  4925 | D:6      | Reached skill level 6 in Stealth
  5292 | D:6      | Reached skill level 1 in Unarmed Combat
  5292 | D:6      | Reached XP level 9. HP: 59/59 MP: 12/12
  5308 | D:6      | Found a runed translucent door.
  5309 | D:6      | Noticed Crazy Yiuf
  5410 | D:6      | Learned a level 3 spell: Mephitic Cloud
  5413 | D:6      | Learned a level 2 spell: Poisonous Vapours
  5765 | D:6      | Killed Crazy Yiuf
  5907 | D:7      | Found a runed translucent gate.
  5907 | D:7      | Found a runed translucent gate.
  5908 | D:7      | Found a runed translucent gate.
  5911 | D:7      | Noticed baller8008's ghost (novice DECj)
  5911 | D:7      | Noticed a kobold demonologist
  5931 | D:7      | Noticed a cyclops
  6097 | D:7      | Reached skill level 7 in Stealth
  6222 | D:7      | Demolished by a cyclops

Illustrated notes

Levels and vault maps discovered:
D:1:      co_arrival_random_square_maze, layout_basic, minivault_24,
          st_stairs_14
D:2:      layout_basic, hangedman_decor_growths, minmay_tetromino_o2
D:3:      layout_loops_ring, serial_aquarium, aquarium_bridge_straight
          [aquarium_subvault_bridge, aquarium_subvault_balcony,
          aquarium_subvault_bridge, aquarium_subvault_wall], aquarium_window_1,
          aquarium_window_2, aquarium_window_1, aquarium_window_2,
          aquarium_view_2c, amcnicky_mini_pool_small, uniq_jessica, uniq_grinder
D:4:      layout_rooms, mainiacjoe_overflow_chevrons, minmay_temple_entry_hall
D:5:      layout_loops_ring, serial_shops, nicolae_square_shop
D:6:      layout_gridville, nicolae_titane, uniq_crazy_yiuf_cottage
D:7:      layout_loops_corners, lemuel_round_altar,
          gammafunk_ghost_nasty_kobolds, nicolae_take_the_stairs,
          nicolae_water_bricks, reono_crystal_passage, serial_bayou_ford_a,
          st_stairs_4
Temple:   bh_familiar_temple

Skill      XL: |  1  2  3  4  5  6  7  8  9 |
---------------+----------------------------+-----
Stealth        | 1 2 3 4 5 6 7 |  7.0
Spellcasting   | 1 2 |  2.7
Throwing       | 1 2 3 |  3.3
Conjurations   | 1 2 3 |  3.1
Short Blades   | 3 |  3.9
Shields        | 4 |  4.5
Summonings     | 1 2 |  2.2
Poison Magic   | 2 3 |  3.9
Fighting       | 4 |  4.5
Dodging        | 4 |  4.4
Transmutations | 1 2 |  2.0
Unarmed Combat | 1 |  1.3
Air Magic      | |  0.3

Action                     |  1- 3 |  4- 6 |  7- 9 || total
---------------------------+-------+-------+-------++-------
  Melee: Rapier            |    62 |    27 |       ||    89
         Tentacles         |    12 |    16 |    25 ||    53
         Constrict         |    15 |    17 |    17 ||    49
         Dagger            |       |    31 |   116 ||   147
         Punch             |       |     1 |     1 ||     2
         Unarmed           |       |       |    19 ||    19
   Cast: Magic Dart        |       |    54 |    19 ||    73
         Call Imp          |       |     4 |    16 ||    20
         Poisonous Vapours |       |       |     5 ||     5
         Spider Form       |       |       |     3 ||     3
    Use: Scroll            |       |       |     9 ||     9
   Stab: Sleeping          |     8 |     4 |    12 ||    24
         Distracted        |       |     1 |     1 ||     2
 Armour: Skin              |     3 |     2 |     3 ||     8
  Dodge: Dodged            |    24 |    20 |    61 ||   105
  Block: Buckler           |     9 |     4 |    21 ||    34

Table legend: (Time is in decaauts)
 A = Elapsed time spent in this place.
 B = Non-inter-level travel time spent in this place.
 C = Inter-level travel time spent in this place.
 D = Time resting spent in this place.
 E = Time spent auto-exploring this place.
 F = Levels seen in this place.
 G = Mean time per level.
                   A        B        C        D        E       F      G
               +--------+--------+--------+--------+--------+-----+--------+
         Total |   6212 |   5995 |    217 |     30 |   4848 |   8 |  776.5 |
       Dungeon |   6030 |   5833 |    197 |     30 |   4690 |   7 |  861.4 |
        Temple |    181 |    161 |     20 |      0 |    158 |   1 |  181.0 |
               +--------+--------+--------+--------+--------+-----+--------+

Top non-repeatable levels by time:
     D:5: 1129 daAuts
     D:3: 1067 daAuts
     D:6: 983 daAuts
     D:2: 838 daAuts
     D:4: 820 daAuts
     D:1: 813 daAuts
     D:7: 378 daAuts
  Temple: 181 daAuts
